Map: Lost and Found LE

Players

Lillekanin - Winner!

  • Race: Terran Terran
  • Spawn Location: 1:00

RiSky

  • Race: Zerg Zerg
  • Spawn Location: 7:00

Event: WCS Valencia 2018

VOD

Have the link to the VOD?

Description

Time

  • Played on: July 12, 2018, 6:37 a.m.
  • Length: 12:07

All games in this series

Show
View Real Time Build Order
Export as new Build Order

Lillekanin Terran - Winner!

Build Orders: Gas First Reaper Expand, Reaper Expand, Mech 

Get SALT Encoding   

  12  0:00  SCV  
  13  0:12  SCV  
  14  0:18  Supply Depot  
  14  0:24  SCV  
  15  0:29  Refinery  
  15  0:40  SCV  
  16  0:45  Barracks  
  16  0:52  SCV  
  17  1:04  SCV  
  18  1:16  SCV  
  19  1:32  Orbital Command  
  19  1:33  Reaper  
  20  1:44  Command Center  
  20  1:59  SCV, Factory  
  21  2:08  Barracks Reactor  
  21  2:11  SCV  
  21  2:12  Refinery  
  22  2:17  Supply Depot  
  22  2:23  SCV  
  23  2:38  SCV  
  24  2:50  SCV  
  25  2:51  Starport  
  25  2:52  Hellion x2  
  25  2:53  Marine  
  30  2:59  Orbital Command  
  30  3:03  SCV  
  31  3:14  Hellion x2  
  31  3:16  SCV  
  36  3:26  SCV  
  37  3:29  SCV  
  37  3:31  Medivac  
  40  3:38  SCV  
  40  3:41  Supply Depot, SCV  
  42  3:50  SCV  
  42  3:53  SCV  
  44  4:02  SCV  
  45  4:03  Viking  
  45  4:05  Supply Depot, SCV  
  45  4:07  Hellion x2  
  52  4:14  SCV  
  53  4:17  SCV  
  53  4:22  Command Center  
  53  4:24  Supply Depot  
  54  4:27  SCV  
  54  4:29  SCV  
  56  4:39  SCV  
  56  4:40  Starport Tech Lab  
  56  4:41  SCV  
  58  4:51  SCV  
  59  4:53  SCV  
  59  4:58  Hellion x2  
  64  5:03  SCV  
  64  5:05  SCV  
  64  5:13  Factory  
  64  5:14  Armory  
  56  5:15  Armory, Refinery, SCV, Factory  
  56  5:16  Refinery  
  56  5:17  SCV  
  56  5:18  Banshee  
  61  5:26  Hellion x2  
  61  5:27  SCV  
  66  5:30  SCV, Cloaking Field  
  66  5:35  Orbital Command  
  67  5:40  SCV  
  67  5:42  SCV  
  69  5:50  Hellion  
  69  5:51  Hellion  
  69  5:52  SCV  
  69  5:54  SCV  
  75  5:58  Factory  
  75  6:01  Factory Tech Lab  
  75  6:02  Factory  
  75  6:04  SCV, Factory Tech Lab  
  76  6:06  SCV  
  76  6:07  Barracks Reactor  
  77  6:12  Hellion x2  
  77  6:16  SCV  
  77  6:18  SCV  
  83  6:19  Orbital Command  
  83  6:21  Terran Vehicle Weapons Level 1  
  83  6:22  Refinery x2, Terran Vehicle And Ship Armor Level 1  
  83  6:28  SCV  
  83  6:30  SCV  
  85  6:37  Supply Depot  
  85  6:38  Supply Depot x2  
  85  6:56  Hellion x10  
  85  6:58  Siege Tank x2, Widow Mine x2, SCV  
  85  7:01  Supply Depot x2  
  96  7:02  Supply Depot  
  96  7:05  SCV, Factory Tech Lab  
  97  7:17  Engineering Bay  
  97  7:20  Starport  
  97  7:21  Hyperflight Rotors  
  97  7:24  Supply Depot  
  97  7:25  Supply Depot  
  97  7:33  Siege Tank  
  97  7:35  SCV, Hellion x3  
  107  7:39  SCV  
  107  7:40  SCV  
  109  7:46  Command Center  
  109  7:49  Siege Tank  
  110  7:53  Banshee  
  110  7:55  Hellion x2  
  110  7:56  SCV  
  116  8:00  Infernal Pre-Igniter  
  116  8:02  Hellion  
  116  8:03  SCV  
  111  8:06  SCV  
  111  8:07  Starport Tech Lab  
  111  8:08  SCV  
  113  8:13  Smart Servos  
  113  8:14  Hellion  
  113  8:15  SCV, Hellion  
  113  8:18  SCV  
  119  8:20  SCV  
  119  8:26  Thor  
  120  8:28  Cyclone  
  120  8:33  Banshee  
  132  8:35  Hellion x2  
  132  8:37  Hellion x3  
  136  8:41  SCV x2  
  136  8:44  Supply Depot  
  136  8:47  Terran Vehicle Weapons Level 2  
  138  8:56  Terran Vehicle And Ship Armor Level 2, Hellion x2  
  138  8:58  Hellion x3  
  138  9:00  Supply Depot x2  
  148  9:06  Banshee  
  145  9:15  Siege Tank  
  145  9:16  Hellion  
  150  9:17  Hellion x2  
  150  9:19  Cyclone  
  150  9:20  Hellion x2  
  150  9:22  Refinery  
  161  9:26  Planetary Fortress  
  161  9:34  Refinery, Missile Turret  
  161  9:36  Sensor Tower  
  161  9:37  Hellion  
  163  9:39  Hellion  
  163  9:40  Missile Turret  
  163  9:44  Sensor Tower  
  165  9:45  SCV  
  165  9:46  SCV  
  167  9:54  Siege Tank  
  167  9:55  Hellion x2  
  167  9:58  Siege Tank, Hellion  
  167  9:59  Hellion  
  179  10:01  Hellion  
  181  10:12  Supply Depot  
  179  10:16  Missile Turret, Cyclone x2  
  183  10:25  Sensor Tower  
  183  10:26  Banshee  
  183  10:28  Hellion  
  188  10:29  Supply Depot  
  188  10:31  SCV  
  184  10:38  Siege Tank  
  184  10:39  Hellion x2  
  184  10:40  Banshee  
  192  10:49  Thor  
  196  11:00  Cyclone  
  193  11:10  SCV  
  189  11:15  Starport  
  183  11:24  Command Center  
Show
View Real Time Build Order
Export as new Build Order

RiSky Zerg 

Build Orders: Hatch First, Swarm Host 

Get SALT Encoding   

  12  0:00  Drone  
  13  0:12  Overlord  
  13  0:18  Drone  
  14  0:31  Drone x2  
  14  0:34  Drone  
  17  0:51  Hatchery  
  17  0:54  Drone  
  18  0:57  Drone  
  18  1:08  Extractor  
  17  1:12  Spawning Pool  
  17  1:15  Drone  
  17  1:19  Drone  
  18  1:27  Drone  
  19  1:38  Overlord  
  19  1:49  Drone  
  20  1:59  Queen  
  20  2:00  Zergling x2  
  23  2:02  Queen  
  23  2:03  Zergling x2  
  26  2:09  Metabolic Boost  
  26  2:12  Drone  
  26  2:13  Drone  
  28  2:21  Drone  
  29  2:24  Drone  
  30  2:34  Hatchery  
  29  2:42  Overlord  
  29  2:43  Drone  
  29  2:47  Drone  
  29  2:48  Drone  
  31  2:54  Queen  
  31  2:55  Drone  
  34  2:59  Drone  
  34  3:04  Drone  
  36  3:10  Drone  
  36  3:11  Drone x4  
  41  3:15  Overlord  
  41  3:18  Drone  
  41  3:19  Drone  
  43  3:21  Drone  
  44  3:33  Queen x2  
  48  3:34  Drone  
  48  3:37  Overlord  
  48  3:38  Drone  
  50  3:42  Zergling x2  
  50  3:45  Overlord  
  50  3:47  Zergling x2  
  52  3:50  Drone  
  52  3:51  Drone x2  
  55  3:56  Zergling x2  
  55  3:59  Queen  
  55  4:02  Overlord  
  58  4:04  Spore Crawler  
  58  4:05  Drone  
  58  4:07  Drone x2  
  61  4:11  Lair  
  61  4:13  Drone  
  61  4:16  Drone  
  63  4:17  Queen  
  63  4:20  Drone  
  63  4:24  Zergling x4  
  68  4:27  Drone  
  68  4:29  Spore Crawler  
  68  4:30  Spore Crawler  
  67  4:31  Spore Crawler, Drone  
  67  4:32  Drone  
  67  4:37  Drone  
  69  4:40  Drone  
  69  4:43  Roach Warren  
  69  4:44  Drone  
  68  4:48  Zergling x8  
  68  4:50  Zergling x2  
  68  4:51  Zergling x4  
  69  4:57  Zergling x2  
  58  5:09  Overlord  
  58  5:13  Drone x3  
  58  5:14  Drone  
  62  5:21  Drone  
  62  5:22  Drone x2  
  62  5:24  Drone x4  
  69  5:32  Queen  
  69  5:34  Nydus Network  
  70  5:36  Overseer  
  70  5:37  Extractor, Queen  
  71  5:46  Extractor, Drone x2  
  71  5:47  Roach  
  74  5:54  Queen  
  74  5:55  Overlord x2  
  76  5:58  Roach  
  78  6:04  Roach  
  78  6:10  Queen  
  81  6:13  Queen  
  81  6:14  Roach x2  
  87  6:26  Nydus Canal  
  87  6:30  Queen  
  87  6:31  Roach  
  91  6:33  Roach  
  91  6:35  Roach  
  95  6:46  Overlord  
  95  6:47  Overlord x2  
  91  6:49  Extractor  
  91  6:50  Extractor  
  91  6:51  Overlord x2  
  91  6:53  Hydralisk Den, Extractor  
  85  6:57  Overlord  
  85  7:00  Overlord  
  85  7:04  Overlord  
  85  7:07  Drone x4  
  84  7:08  Hatchery  
  84  7:10  Drone x3  
  84  7:15  Infestation Pit, Drone x2  
  86  7:17  Drone  
  86  7:22  Drone x2  
  89  7:23  Drone  
  89  7:25  Ravager x2  
  89  7:26  Ravager  
  89  7:27  Ravager  
  94  7:30  Drone x2  
  94  7:32  Drone  
  97  7:38  Glial Reconstitution  
  97  7:48  Drone x3  
  97  7:49  Drone  
  101  7:53  Drone x6  
  107  8:01  Drone  
  107  8:02  Overlord  
  108  8:09  Drone x2  
  108  8:10  Drone x3  
  108  8:11  Swarm Host x4  
  125  8:18  Roach x2  
  129  8:25  Swarm Host x3  
  134  8:30  Swarm Host x2  
  134  8:32  Swarm Host  
  141  8:36  Swarm Host  
  141  8:40  Overseer  
  144  8:42  Swarm Host x3  
  144  8:45  Swarm Host  
  156  8:52  Swarm Host  
  159  8:56  Drone x2  
  159  8:57  Drone x2  
  159  8:58  Drone  
  159  8:59  Extractor x2, Drone  
  163  9:04  Swarm Host  
  166  9:17  Overlord x2  
  166  9:19  Hive  
  166  9:20  Queen  
  166  9:21  Spire  
  167  9:26  Drone  
  167  9:27  Overlord, Spine Crawler  
  167  9:33  Overlord x2  
  167  9:47  Swarm Host x2  
  167  9:48  Swarm Host x3  
  167  9:49  Swarm Host x2  
  167  9:50  Swarm Host  
  167  9:52  Swarm Host x2  
  191  9:57  Drone x3  
  200  10:10  Evolution Chamber x2  
  198  10:17  Hatchery  
  185  10:34  Swarm Host x4  
  197  10:38  Greater Spire  
  197  10:47  Hydralisk Den, Drone x6  
  197  10:48  Drone  
  197  10:49  Drone x2  
  176  11:14  Roach  
  176  11:15  Roach x9  
  190  11:34  Overlord  
  190  11:35  Roach x2  
  189  11:42  Roach  
  189  11:43  Roach x3  
  189  11:45  Roach  
  189  11:46  Roach x2  
  177  11:49  Overseer  
  177  11:50  Overseer x2  
Tags
 
Add a new tag
Caveats
  • Supply blocks, unpowered buildings, or Contaminate may cause inaccurate times.
  • Supply counts are checked every 10 seconds.